Map: Moonlight Madness LE (Void)

Players

PTRTestah

  • Race: Terran Terran
  • League: Gold

Javert - Winner!

  • Race: Zerg Zerg
  • League: Gold

VOD

Have the link to the VOD?

Description

Time

  • Played on: Sept. 8, 2015, 10:18 p.m.
  • Length: 10:11
Show
View Real Time Build Order
Export as new Build Order

PTRTestah Terran 

Build Orders: Mech 

Get SALT Encoding   

  12  0:01  SCV  
  13  0:13  SCV  
  14  0:24  Supply Depot  
  14  0:25  SCV  
  15  0:46  SCV, Refinery  
  15  0:48  Barracks  
  16  0:58  SCV  
  17  1:10  SCV  
  18  1:22  SCV  
  19  1:38  Marine  
  20  1:42  Supply Depot  
  20  1:43  Orbital Command  
  20  1:55  Command Center  
  20  1:58  Marine  
  21  2:09  Factory  
  21  2:12  SCV  
  22  2:16  Marine  
  23  2:24  SCV  
  24  2:34  Marine  
  24  2:36  SCV  
  26  2:46  Refinery  
  26  2:48  SCV  
  27  2:52  Marine  
  27  2:55  Factory Tech Lab  
  27  2:56  Starport  
  28  3:03  Supply Depot  
  28  3:06  Supply Depot  
  28  3:07  SCV  
  29  3:17  Command Center  
  29  3:21  SCV  
  29  3:27  Marine  
  30  3:33  Orbital Command  
  31  3:36  SCV  
  32  3:47  Siege Tank  
  32  3:48  SCV  
  36  4:00  SCV  
  36  4:02  Medivac  
  39  4:05  Supply Depot, SCV  
  39  4:06  Barracks Reactor  
  40  4:12  SCV  
  41  4:17  SCV  
  39  4:24  SCV  
  39  4:29  Supply Depot  
  39  4:30  SCV x2  
  42  4:35  Siege Tank  
  42  4:36  SCV  
  42  4:37  Viking  
  48  4:42  SCV x2  
  50  4:47  Supply Depot  
  50  4:48  Supply Depot, Bunker  
  50  4:58  SCV x2  
  50  4:59  SCV  
  53  5:00  Marine x2  
  53  5:05  Refinery  
  53  5:06  Refinery  
  55  5:10  SCV  
  55  5:11  SCV x2, Supply Depot  
  58  5:23  SCV  
  59  5:49  Marine  
  59  5:50  Marine  
  59  5:51  Viking, Siege Tank  
  59  5:52  SCV x3  
  69  6:04  SCV  
  69  6:05  SCV  
  69  6:07  Marine x2  
  73  6:16  SCV  
  73  6:17  Command Center  
  74  6:20  Factory  
  74  6:21  Factory  
  74  6:22  Factory  
  74  6:25  SCV  
  75  6:27  Barracks x3  
  75  6:28  SCV  
  75  6:31  Starport Reactor  
  76  6:37  SCV  
  77  6:43  Armory  
  77  6:44  Armory, Engineering Bay  
  77  6:48  Marine x2  
  77  6:49  Siege Tank  
  77  6:50  SCV  
  83  7:03  SCV x3  
  83  7:06  Marine x2  
  83  7:07  Barracks  
  85  7:15  SCV x2  
  88  7:17  Planetary Fortress  
  87  7:27  SCV x2  
  89  7:30  Marine x2  
  89  7:31  Siege Tank  
  89  7:32  Barracks Tech Lab x2  
  89  7:33  Barracks Reactor  
  89  7:34  Factory Tech Lab  
  89  7:35  Factory Tech Lab, Refinery, Factory Reactor  
  94  7:37  Refinery  
  94  7:46  Missile Turret x2  
  94  7:47  Missile Turret  
  94  7:51  Missile Turret x2  
  94  7:52  Terran Vehicle And Ship Armor Level 1, Terran Vehicle Weapons Level 1  
  94  7:53  Missile Turret  
  94  7:58  Missile Turret  
  94  7:59  Missile Turret x2  
  94  8:05  SCV x3  
  97  8:06  Missile Turret x2  
  97  8:07  Planetary Fortress  
  97  8:11  Marauder x2, Marine x4  
  105  8:12  Missile Turret  
  105  8:18  SCV  
  105  8:19  SCV x2  
  108  8:22  Supply Depot  
  108  8:26  Supply Depot  
  108  8:31  SCV x3  
  111  8:37  Hi-Sec Auto Tracking  
  55  9:05  Marauder x2, Marine x5  
  55  9:06  Hellion  
  55  9:07  Hellion x3  
  55  9:08  Hellion  
  66  9:28  Hellion x3  
  66  9:30  Hellion  
Show
View Real Time Build Order
Export as new Build Order

Javert Zerg - Winner!

Build Orders: Hatch First 

Get SALT Encoding   

  12  0:01  Drone  
  13  0:13  Overlord  
  13  0:18  Drone  
  14  0:33  Drone x2  
  16  0:37  Drone  
  17  0:55  Hatchery  
  16  0:57  Drone  
  16  1:03  Extractor  
  16  1:04  Drone  
  16  1:11  Drone  
  18  1:20  Spawning Pool  
  18  1:22  Drone  
  18  1:31  Drone  
  19  1:42  Drone  
  20  1:51  Drone  
  21  2:03  Overlord  
  21  2:09  Metabolic Boost, Queen x2  
  21  2:14  Zergling x4  
  27  2:20  Drone  
  28  2:26  Overlord  
  28  2:37  Drone x2  
  30  2:45  Drone x2, Queen  
  34  2:52  Overlord  
  34  2:57  Drone  
  35  3:08  Drone x2  
  37  3:18  Drone  
  37  3:19  Drone x6  
  44  3:33  Zergling x2  
  44  3:34  Zergling x4  
  47  3:38  Hatchery  
  46  3:45  Extractor  
  46  3:46  Lair, Extractor  
  46  3:47  Queen  
  46  3:48  Extractor  
  45  3:53  Drone x2  
  45  3:54  Drone x2  
  49  3:58  Overlord  
  49  4:17  Drone x5  
  51  4:28  Drone  
  51  4:29  Drone x6  
  56  4:38  Overlord  
  56  4:42  Evolution Chamber  
  56  4:44  Overlord  
  55  4:46  Evolution Chamber  
  54  5:06  Overlord  
  54  5:10  Hatchery  
  54  5:11  Drone x3  
  54  5:12  Baneling Nest  
  55  5:14  Zergling x2  
  55  5:15  Zergling x12  
  55  5:20  Spore Crawler  
  61  5:21  Spine Crawler  
  58  5:44  Drone x10  
  67  5:51  Overlord  
  67  5:52  Overlord  
  67  5:55  Spire, Zerg Melee Weapons Level 1  
  67  5:56  Drone x2  
  67  5:57  Drone  
  69  6:13  Overlord x2  
  69  6:15  Centrifical Hooks  
  69  6:17  Zergling x14  
  76  6:22  Queen  
  78  6:27  Baneling  
  78  6:28  Baneling x6  
  78  6:32  Overlord x2  
  78  6:33  Zerg Ground Armor Level 1  
  78  6:45  Queen  
  80  6:57  Extractor  
  80  6:59  Extractor  
  78  7:04  Overlord  
  78  7:05  Overlord  
  78  7:06  Overlord x2  
  77  7:10  Zergling x4  
  77  7:11  Zergling x24  
  91  7:18  Overlord x2  
  91  7:21  Zerg Flyer Weapons Level 1  
  92  7:30  Zergling x18  
  92  7:31  Zergling x14  
  107  7:37  Overlord x2  
  107  7:38  Pneumatized Carapace  
  107  7:43  Drone x3  
  110  7:48  Baneling  
  110  7:49  Baneling x8  
  110  7:50  Baneling x2  
  110  8:09  Overlord  
  110  8:11  Burrow  
  110  8:16  Overlord x2  
  110  8:21  Overlord x2  
  110  8:29  Overlord x2  
  110  8:39  Overlord x3  
  94  9:01  Overlord x2  
  83  9:12  Overlord x2  
  83  9:13  Zergling x2  
  83  9:14  Zergling x34  
  83  9:15  Zergling x16  
  102  9:27  Infestation Pit  
  102  9:35  Overlord x2  
  102  9:44  Drone x4  
  102  9:45  Drone x6  
Tags
 
Add a new tag
Caveats
  • Supply blocks, unpowered buildings, or Contaminate may cause inaccurate times.
  • Supply counts are checked every 10 seconds.